 Dungeon Crawl Stone Soup version 0.29-a0-383-g8b6f518c11 (webtiles) character file.

Game seed: 9062558802368944127

3831 KateP the Cleaver (level 9, 0/82 HPs)
             Began as a Minotaur Fighter on May 6, 2022.
             Was a Priest of Okawaru.
             Slain by a wolf (5 damage)
             ... in a bailey.
             The game lasted 00:12:05 (6281 turns).

KateP the Cleaver (Minotaur Fighter)                Turns: 6281, Time: 00:12:06

Health: 0/82       AC:  8    Str: 27    XL:     9   Next: 97%
Magic:  8/8        EV: 11    Int:  2    God:    Okawaru [***...]
Gold:   595        SH:  0    Dex: 14    Spells: 8/8 levels left

rFire   + + .      SeeInvis .   k - +7 halberd "Tuden" {vorpal, rF+ rN++ Int-3 Dex+4}
rCold   . . .      Faith    .   (shield currently unavailable)
rNeg    + + .      Spirit   .   d - +2 steam dragon scales
rPois   .          Reflect  .   (helmet restricted)
rElec   .          Harm     .   (no cloak)
rCorr   .          Rampage  .   (no gloves)
Will    .....                   (no boots)
Stlth   +.........              t - amulet "Tothrin" {Regen+ Str+2}
HPRegen 1.03/turn               l - ring of protection from fire
MPRegen 0.11/turn               (no ring)

@: no status effects
A: horns 2, retaliatory headbutt
a: Renounce Religion, Heroism


You were in a bailey.
You worshipped Okawaru.
Okawaru was most pleased with you.
You visited 2 branches of the dungeon, and saw 9 of its levels.
You also visited: Bailey.

You collected 595 gold pieces.

Inventory:

Hand Weapons
 a - a +1 war axe of protection
 h - a +3 battleaxe
 k - the +7 halberd "Tuden" (weapon) {vorpal, rF+ rN++ Int-3 Dex+4}
   (You found it on level 8 of the Dungeon)

   It inflicts extra damage upon your enemies.
   Int:       It affects your intelligence (-3).
   Dex:       It affects your dexterity (+4).
   rF:        It protects you from fire.
   rN:        It greatly protects you from negative energy.
Missiles
 i - 7 throwing nets
Armour
 c - a +1 buckler
 d - +2 steam dragon scales (worn)
Jewellery
 f - a +4 ring of protection
 l - a ring of protection from fire (left hand)
 t - the amulet "Tothrin" (around neck) {Regen+ Str+2}
   (You found it on level 3 of the Dungeon)

   [amulet of regeneration]

   Str:       It affects your strength (+2).
   Regen:     It increases your rate of health regeneration.
Scrolls
 b - a scroll of blinking {unknown}
 n - a scroll of silence
 p - 2 scrolls of teleportation (quivered)
Potions
 e - 3 potions of curing
 g - a potion of resistance {unknown}
 j - a potion of flight
 z - a potion of magic
 A - a potion of might
 F - 2 potions of brilliance


   Skills:
 + Level 8.7 Fighting
 - Level 10.7(10.8) Axes
 + Level 1.8(7.0) Polearms
 + Level 8.6 Armour
 + Level 8.6 Shields


You had 8 spell levels left.
You didn't know any spells.
Your spell library contained the following spells:

 Spells                   Type           Power      Damage    Failure   Level
 Confusing Touch          Hex            0%         N/A       89%         3
 Inner Flame              Hex/Fire       0%         N/A       89%         3
 Ozocubu's Armour         Ice            0%         N/A       89%         3
 Cause Fear               Hex            0%         N/A       100%        4
 Alistair's Intoxication  Tmut/Pois      0%         N/A       100%        5
 Borgnjor's Vile Clutch   Necr/Erth      0%         N/A       100%        5
 Yara's Violent Unravell  Hex/Tmut       0%         3d3       100%        5
 Eringya's Noxious Bog    Tmut/Pois      0%         N/A       100%        6
 Enfeeble                 Hex            0%         N/A       100%        7
 Ozocubu's Refrigeration  Ice            0%         4d5       100%        7
 Discord                  Hex            0%         N/A       100%        8
 Malign Gateway           Summ/Tloc      Unusable   N/A       N/A         7
 Summon Horrible Things   Summ           Unusable   N/A       N/A         8

Dungeon Overview and Level Annotations

Branches:
Dungeon (8/15)             Temple (1/1) D:4          Bailey (1/1)
   Lair: D:8-11

Altars:
Ashenzari
Cheibriados
Dithmenos
Elyvilon
Fedhas
Gozag
Hepliaklqana
Kikubaaqudgha
Makhleb
Nemelex Xobeh
Okawaru
Qazlal
Ru
Sif Muna
Trog
Uskayaw
Vehumet
Wu Jian
Xom
Yredelemnul
Zin
The Shining One
Beogh

Annotations:
D:6 3 runed translucent doors, MrShunz's ghost, novice DECj


Innate Abilities, Weirdness & Mutations

You have a pair of horns on your head.
You reflexively headbutt those who attack you in melee.


Message History

A gnoll shaman comes into view. It is wielding a +0 halberd.
The gnoll shaman shouts!
You hear a howl!
A wolf comes into view.
A gnoll sergeant comes into view.
It is wielding the +6 scimitar of Imeqinkol {freeze, Dex+3} and quivering atropa-tipped darts.
The gnoll shaman hits you with a +0 halberd!
* * * LOW HITPOINT WARNING * * *
The gnoll shaman hits you with a +0 trident.
* * * LOW HITPOINT WARNING * * *
There is an open door, spattered with blood here.
Items here: )) [[ †.
The gnoll shaman attacks as you move away!
The gnoll shaman hits you with a +0 halberd.
* * * LOW HITPOINT WARNING * * *
The gnoll shaman attacks as you move away!
The gnoll shaman closely misses you.
The gnoll shaman hits you from afar with a +0 trident.
* * * LOW HITPOINT WARNING * * *
Items here: ))) [[[ ††.
There is an open door, spattered with blood here.
The gnoll shaman calls upon its god to speed up something.
The gnoll shaman calls upon its god to speed up something.
Things that are here:
a +0 halberd; a +0 chain mail; a gnoll corpse
Things that are here:
a +0 halberd; a +0 ring mail; a gnoll corpse
There is an open door, spattered with blood here.
The wolf bites you.
* * * LOW HITPOINT WARNING * * *
Things that are here:
a +0 trident; a +0 chain mail The wolf attacks as you move away!
The wolf bites you.
* * * LOW HITPOINT WARNING * * *
The gnoll shaman calls upon its god to speed up the gnoll shaman.
The gnoll shaman seems to speed up.
The wolf bites you.
* * * LOW HITPOINT WARNING * * *
There is an open gate here.
The wolf attacks as you move away! The wolf bites you.
* * * LOW HITPOINT WARNING * * *
The wolf bites you.
You die...

♣♣≈≈.. ####### ♣.≈..#
.....8.## ♣♣.≈..# ..h.....#
♣..≈..# g...... ♣..≈..#
#####...g. ♣♣..≈..#
##...##....
♣♣...≈..######)....###)#
#♣♣♣...†)..'...#.).....#)..
#∩..∩..†..@h.g.g)g.8...')..
#♣♣♣....)..'..)#.......#...
♣♣...≈..######.....###+#
♣...≈..# ##...## ♣...≈..#
##### ♣♣..≈..# ♣♣.≈..#
♣.≈..# ♣♣≈≈..


You could see a gnoll sergeant (fast), a wolf and 2 gnoll shamans.

Vanquished Creatures
  Maggie (D:7)
  Grinder (D:3)
  A wyvern (D:7)
  The ghost of Necrophagist the Insei, an amateur OpTm (D:4)
  3 water moccasins
  An ice beast (D:6)
  A black bear (D:6)
  A wolf (Bailey)
  3 centaurs
  An ogre (D:6)
  A phantom (D:6)
  2 bullfrogs (D:6)
  3 necrophages
  3 gnoll sergeants (Bailey)
  3 scorpions
  5 wights (D:7)
  3 killer bees (D:7)
  4 jellies
  3 orc priests
  5 hounds
  Crazy Yiuf (D:7)
  4 gnoll shamans
  Jessica (D:3)
  3 iguanas
  7 orc wizards
  Robin (D:3)
  11 gnolls
  5 adders
  A shadow imp (D:7)
  An ufetubus (D:3)
  A worm (D:3)
  3 dart slugs
  18 orcs
  7 bats
  11 endoplasms
  18 goblins
  9 hobgoblins
  5 jackals
  6 kobolds
  5 quokkas
  9 ball pythons
  4 frilled lizards
  4 rats
181 creatures vanquished.

Vanquished Creatures (others)
  A plant (D:2)
1 creature vanquished.

Grand Total: 182 creatures vanquished

Notes
Turn   | Place    | Note
-------+----------+-------------------------------------------
     0 | D:1      | KateP the Minotaur Fighter began the quest for the Orb.
     0 | D:1      | Reached XP level 1. HP: 19/19 MP: 0/0
    23 | D:1      | Reached XP level 2. HP: 19/27 MP: 1/1
   182 | D:1      | Reached skill level 3 in Axes
   571 | D:1      | Reached XP level 3. HP: 33/33 MP: 2/2
   999 | D:2      | Noticed a scorpion
  1008 | D:2      | Killed a scorpion
  1009 | D:2      | Reached skill level 4 in Axes
  1009 | D:2      | Reached XP level 4. HP: 27/41 MP: 3/3
  1408 | D:2      | Reached XP level 5. HP: 47/47 MP: 4/4
  1618 | D:3      | Identified the amulet "Tothrin" {Regen+ Str+2}
  1672 | D:3      | Noticed Jessica
  1678 | D:3      | Killed Jessica
  1758 | D:3      | Found a faded altar of an unknown god.
  1801 | D:3      | Noticed Robin
  1806 | D:3      | Killed Robin
  1990 | D:3      | Found a sacrificial altar of Ru.
  2104 | D:3      | Noticed Grinder
  2123 | D:3      | Paralysed by Grinder for 3 turns
  2127 | D:3      | Killed Grinder
  2128 | D:3      | Reached skill level 5 in Fighting
  2128 | D:3      | Reached skill level 5 in Axes
  2128 | D:3      | Reached skill level 5 in Armour
  2128 | D:3      | Reached skill level 5 in Shields
  2128 | D:3      | Reached XP level 6. HP: 27/56 MP: 5/5
  2538 | D:4      | Found a runed translucent door.
  2543 | D:4      | Noticed Necrophagist's ghost (amateur OpTm)
  2545 | D:4      | Identified the +1 leather armour of the Sun {Str+2 Dex+5}
  2563 | D:4      | Reached skill level 6 in Axes
  2602 | D:4      | Reached XP level 7. HP: 59/61 MP: 6/6
  3032 | D:4      | Found a staircase to the Ecumenical Temple.
  3153 | D:4      | Killed Necrophagist's ghost
  3154 | D:4      | Reached skill level 7 in Axes
  3252 | Temple   | Entered the Ecumenical Temple
  3305 | Temple   | Became a worshipper of Warmaster Okawaru
  3559 | D:5      | Entered Level 5 of the Dungeon
  3963 | D:5      | Reached XP level 8. HP: 51/70 MP: 7/7
  4386 | D:6      | Reached skill level 8 in Axes
  4535 | D:6      | Found a runed translucent gate.
  4535 | D:6      | Found a runed translucent gate.
  4535 | D:6      | Noticed MrShunz's ghost (novice DECj)
  4536 | D:6      | Noticed a kobold demonologist
  4556 | D:6      | Reached * piety under Okawaru
  4582 | D:6      | Found a runed translucent gate.
  4625 | D:6      | Reached skill level 9 in Axes
  4726 | D:6      | Reached XP level 9. HP: 38/79 MP: 8/8
  5223 | D:7      | Noticed Maggie
  5233 | D:7      | Killed Maggie
  5233 | D:7      | Reached ** piety under Okawaru
  5324 | D:7      | Reached skill level 10 in Axes
  5838 | D:7      | Found a runed translucent door.
  5839 | D:7      | Noticed Crazy Yiuf
  6026 | D:7      | Killed Crazy Yiuf
  6093 | D:8      | Found a flagged portal.
  6099 | D:8      | Identified the +7 halberd "Tuden" {vorpal, rF+ rN++ Int-3
                  | Dex+4}
  6103 | Bailey   | Entered a bailey
  6152 | Bailey   | Reached *** piety under Okawaru
  6153 | Bailey   | Reached skill level 1 in Polearms
  6263 | Bailey   | HP: 1/82 [gnoll sergeant/+0 bardiche (11)]
  6266 | Bailey   | Identified the +6 scimitar of Imeqinkol {freeze, Dex+3}
  6279 | Bailey   | HP: 4/82 [wolf (3)]
  6281 | Bailey   | Slain by a wolf

Illustrated notes

Levels and vault maps discovered:
D:1:      lemuel_arrival_cross, layout_basic
D:2:      layout_loops_cross, corexii_shack, minmay_octomino_e4
D:3:      layout_loops_ring, nicolae_ru_path_of_blood,
          ebering_ecumenical_altar_box, kennysheep_orc_chapel, uniq_jessica,
          uniq_grinder, uniq_robin
D:4:      layout_loops_ring, lemuel_temple_firewalk_b, gammafunk_ghost_grave
D:5:      layout_loops_cross
D:6:      layout_loops_cross, gammafunk_ghost_nasty_kobolds
D:7:      layout_loops_ring, uniq_crazy_yiuf_cottage, uniq_maggie
D:8:      layout_basic, enter_bailey_2, nicolae_looking_at_the_future
Temple:   minmay_crystal_snake_temple
Bailey:   bailey_polearm_gnolls_kennysheep, bailey

Skill      XL: |  1  2  3  4  5  6  7  8  9 |
---------------+----------------------------+-----
Axes           | 3 4 5 6 7 9 10 | 10.7
Fighting       | 4 5 6 7 8 |  8.7
Armour         | 4 5 6 7 8 |  8.6
Shields        | 4 5 6 7 8 |  8.6
Polearms       | 1 |  1.8

Action                   |  1- 3 |  4- 6 |  7- 9 || total
-------------------------+-------+-------+-------++-------
Melee: War axe           |    63 |   133 |   212 ||   408
       Headbutt          |    14 |    20 |    47 ||    81
       Halberd           |       |       |    37 ||    37
       Battleaxe         |       |       |    31 ||    31
  Use: Potion            |       |     1 |    12 ||    13
       Scroll            |       |       |    13 ||    13
 Stab: Sleeping          |       |       |     2 ||     2
Armor: Scale mail        |    40 |    53 |       ||    93
       Leather armour    |       |       |    44 ||    44
       Steam dragon scal |       |       |    27 ||    27
Dodge: Dodged            |    27 |    54 |   160 ||   241
Block: Buckler           |    13 |    23 |    47 ||    83

Table legend: (Time is in decaauts)
 A = Elapsed time spent in this place.
 B = Non-inter-level travel time spent in this place.
 C = Inter-level travel time spent in this place.
 D = Time resting spent in this place.
 E = Time spent auto-exploring this place.
 F = Levels seen in this place.
 G = Mean time per level.
                   A        B        C        D        E       F      G
               +--------+--------+--------+--------+--------+-----+--------+
         Total |   6380 |   6380 |      0 |    203 |   4471 |  10 |  638.0 |
       Dungeon |   5983 |   5983 |      0 |    146 |   4289 |   8 |  747.9 |
        Temple |    213 |    213 |      0 |      0 |    149 |   1 |  213.0 |
        Bailey |    183 |    183 |      0 |     57 |     33 |   1 |  183.0 |
               +--------+--------+--------+--------+--------+-----+--------+

Top non-repeatable levels by time:
     D:7: 1089 daAuts
     D:3: 923 daAuts
     D:4: 895 daAuts
     D:6: 847 daAuts
     D:2: 827 daAuts
     D:1: 771 daAuts
     D:5: 619 daAuts
  Temple: 213 daAuts
  Bailey: 183 daAuts
     D:8: 9 daAuts
